Map: Dusk Towers

Players

capac - Winner!

  • Race: Terran Terran
  • League: Gold

A.I. 1 (Elite)

  • Race: Terran Terran

VOD

Have the link to the VOD?

Description

Time

  • Played on: May 3, 2016, 10:32 a.m.
  • Length: 10:50
Show
View Real Time Build Order
Export as new Build Order

capac Terran - Winner!

Build Orders: Reaper Expand, MMM Bio 

Get SALT Encoding   

  12  0:01  SCV  
  13  0:13  SCV  
  14  0:18  Supply Depot  
  14  0:26  SCV  
  15  0:39  SCV  
  15  0:41  Barracks  
  16  0:47  Refinery  
  16  0:51  SCV  
  17  1:03  SCV  
  18  1:16  SCV  
  19  1:28  Orbital Command  
  19  1:31  Reaper  
  20  1:42  Command Center  
  20  1:49  Supply Depot  
  20  1:54  SCV  
  21  2:04  Marine  
  22  2:10  SCV  
  22  2:14  Factory  
  23  2:18  Barracks  
  23  2:32  Barracks Reactor  
  23  2:33  SCV  
  24  2:47  SCV  
  24  2:55  Refinery  
  24  2:56  Orbital Command  
  24  3:01  Factory Tech Lab  
  24  3:07  Barracks  
  24  3:09  Barracks  
  24  3:10  SCV  
  25  3:13  Barracks Tech Lab  
  25  3:14  Marine  
  25  3:15  Marine  
  27  3:22  SCV  
  28  3:27  SCV  
  28  3:29  Siege Tank  
  28  3:33  Marine x2  
  34  3:35  SCV  
  34  3:40  SCV  
  36  3:44  Supply Depot  
  36  3:52  Starport, Marine x2  
  36  3:54  Marine  
  36  3:55  SCV  
  40  3:56  SCV  
  41  4:08  Stimpack  
  41  4:10  Marine x2  
  41  4:11  Marine x2  
  41  4:13  Marine  
  41  4:16  SCV  
  41  4:17  SCV  
  48  4:21  Supply Depot  
  48  4:29  SCV  
  48  4:30  SCV  
  50  4:32  Siege Tank  
  53  4:39  Marine  
  53  4:42  Marine x3  
  53  4:43  SCV x2  
  59  4:46  Supply Depot  
  59  4:48  Refinery  
  59  4:49  Marine  
  59  4:51  Starport Reactor  
  60  4:55  SCV  
  60  4:56  SCV  
  60  4:59  Refinery  
  62  5:04  Barracks Reactor x2  
  62  5:09  Supply Depot, Marine  
  62  5:10  Marine x2  
  62  5:11  SCV x2  
  67  5:23  SCV x2  
  67  5:27  Marine  
  70  5:30  Marine x2  
  70  5:34  Supply Depot  
  70  5:35  SCV x2  
  74  5:41  Command Center  
  74  5:52  Siege Tank  
  77  6:00  Marine x6  
  77  6:01  Marine  
  77  6:02  SCV x2  
  86  6:04  Supply Depot  
  86  6:10  Engineering Bay  
  86  6:12  Engineering Bay  
  86  6:16  Medivac x2  
  90  6:21  Marine x4  
  94  6:26  Marine x3  
  94  6:27  Supply Depot  
  94  6:28  Supply Depot  
  97  6:42  Terran Infantry Weapons Level 1, Terran Infantry Armor Level 1  
  97  6:46  Medivac x2  
  101  6:47  Supply Depot  
  101  6:48  Marine x2  
  101  6:49  Marine x4  
  101  6:51  Marine  
  108  6:55  Supply Depot  
  108  7:05  Combat Shields  
  108  7:09  Supply Depot  
  108  7:19  Medivac x2  
  108  7:20  Marine x2  
  108  7:21  Marine x4  
  108  7:22  Marine  
  119  7:30  Orbital Command  
  119  7:46  Widow Mine  
  119  7:48  Liberator x2  
  121  7:58  SCV x3  
  123  8:02  Supply Depot, Marine x2  
  123  8:03  Marine x5  
  134  8:10  SCV  
  138  8:26  Marine x4  
  138  8:27  Marine x3  
  142  8:29  Siege Tank  
  138  8:40  SCV x3  
  135  8:52  SCV  
  135  8:53  Marine x2  
  135  8:54  Marine x2  
  112  9:01  Siege Tank  
  101  9:11  Reaper  
  97  9:58  Marine x6  
  97  9:59  Siege Tank  
Show
View Real Time Build Order
Export as new Build Order

A.I. 1 (Elite) Terran 

Build Orders: MMM Bio 

Get SALT Encoding   

  12  0:00  SCV  
  13  0:13  SCV  
  14  0:19  Supply Depot  
  14  0:25  SCV  
  15  0:40  SCV  
  15  0:42  Barracks  
  16  0:52  SCV  
  17  1:04  SCV  
  18  1:17  SCV  
  18  1:18  Supply Depot  
  19  1:23  Refinery  
  19  1:29  Marine, SCV  
  21  1:41  SCV  
  22  1:47  Marine  
  22  1:49  Refinery  
  22  1:53  SCV  
  24  2:04  Marine  
  24  2:05  SCV  
  26  2:17  SCV  
  26  2:22  Marine  
  27  2:23  Factory  
  27  2:29  SCV  
  29  2:40  Marine  
  29  2:41  SCV  
  29  2:43  Supply Depot  
  31  2:48  Barracks  
  31  2:54  Orbital Command  
  31  2:58  Barracks Tech Lab  
  31  3:09  Starport  
  31  3:15  Supply Depot  
  31  3:16  Marine  
  32  3:33  Stimpack  
  32  3:34  Marine x2  
  34  3:43  Supply Depot  
  34  3:45  Medivac  
  36  3:50  SCV  
  36  3:52  Marine  
  36  3:53  Barracks Tech Lab  
  38  3:57  Supply Depot  
  38  4:10  Marine  
  38  4:11  Marine, Combat Shields  
  38  4:15  Medivac  
  42  4:30  Marine  
  43  4:32  Marine  
  43  4:34  SCV  
  45  4:41  Supply Depot  
  45  4:42  Command Center  
  45  4:43  Engineering Bay  
  45  4:45  Medivac  
  47  4:48  Marauder  
  47  4:51  Marauder  
  51  5:10  Marauder  
  51  5:11  Terran Infantry Weapons Level 1  
  51  5:13  Marauder  
  55  5:22  Engineering Bay  
  55  5:31  Marauder  
  55  5:32  Barracks  
  55  5:34  Marauder  
  59  5:48  Terran Infantry Armor Level 1  
  59  5:52  Marine  
  59  5:55  SCV x2  
  59  5:56  Marauder  
  62  6:01  Refinery  
  62  6:07  SCV  
  62  6:08  SCV  
  62  6:10  Marauder  
  66  6:19  SCV  
  66  6:20  SCV  
  66  6:21  Refinery  
  68  6:28  Concussive Shells, Marine x2  
  68  6:31  Marine, SCV  
  72  6:33  SCV  
  72  6:39  Command Center  
  73  6:46  Marine, Barracks Reactor  
  74  6:49  Marine  
  75  6:56  Supply Depot, SCV  
  75  6:58  SCV  
  77  7:04  Marauder  
  77  7:07  Marine  
  77  7:08  SCV  
  81  7:10  SCV  
  82  7:19  Supply Depot  
  82  7:20  Factory Tech Lab, SCV  
  83  7:25  Marauder, SCV  
  86  7:32  SCV  
  87  7:37  SCV  
  87  7:38  Siege Tank  
  87  7:39  Missile Turret  
  91  7:44  SCV  
  91  7:45  Supply Depot  
  91  7:49  SCV  
  91  7:51  SCV  
  94  7:56  SCV  
  95  8:01  SCV  
  95  8:03  SCV  
  97  8:08  SCV  
  97  8:10  Siege Tank  
  101  8:13  SCV  
  101  8:15  SCV  
  103  8:20  SCV  
  103  8:25  SCV  
  105  8:28  Armory, Orbital Command  
  105  8:34  SCV  
  105  8:36  Supply Depot  
  105  8:37  SCV  
  105  8:40  Missile Turret  
  107  8:42  Siege Tank  
  107  8:45  Missile Turret  
  107  8:46  Marine, SCV  
  107  8:47  Marine  
  111  8:50  SCV  
  111  8:51  Marine  
  111  8:52  Marine  
  111  8:53  SCV  
  94  8:58  SCV  
  94  9:02  SCV  
  93  9:04  Marine  
  93  9:05  Marine, SCV  
  93  9:09  Marine  
  89  9:10  Marine, SCV  
  89  9:14  Siege Tank  
  86  9:17  SCV  
  86  9:22  Marine  
  86  9:23  SCV  
  53  9:39  Marine  
  53  9:43  Marine  
  53  9:44  Command Center  
  50  9:46  Marine  
  50  9:49  Marine  
  38  9:57  Marine  
Tags
 
Composition
MMM BioMMM Bio
League
Gold
Matchup
TvT
Race
Terran
Add a new tag
Caveats
  • Supply blocks, unpowered buildings, or Contaminate may cause inaccurate times.
  • Supply counts are checked every 10 seconds.